 Dungeon Crawl Stone Soup version 0.24-a0-434-gd57e52fea8 (webtiles) character file.

Game seed: 8777982740368442731

115 Chimkentus the Insei (level 5, -1/34 HPs)
             Began as an Octopode Transmuter on June 17, 2019.
             Killed from afar by an orc wizard (16 damage)
             ... with a puff of flame
             ... on level 3 of the Dungeon.
             The game lasted 00:14:48 (2792 turns).

Chimkentus the Insei (Octopode Transmuter)          Turns: 2792, Time: 00:14:48

Health: -1/34      AC:  1    Str: 10    XL:     5   Next: 0%
Magic:  8/8        EV: 13    Int: 16    God:
Gold:   104        SH:  0    Dex:  9    Spells: 3/9 levels left

rFire    x . .     SeeInvis .     - Unarmed
rCold    + . .     Gourm    .   (no shield)
rNeg     . . .     Faith    .   (helmet restricted)
rPois    +         Spirit   .   (no amulet)
rElec    .         Reflect  .   g - -3 ring of dexterity (curse)
rCorr    .         Harm     .   e - ring of attention (curse)
MR       .....                  p - ring of poison resistance
Stlth    +.........             k - ring of ice
HPRegen  0.11/turn              (no ring)
MPRegen  0.11/turn              (no ring)
                                (no ring)
                                (no ring)

@: no status effects
A: almost no armour, stealthy swim, amphibious, 8 rings, constrict 8, camouflage
1, gelatinous body 1
a: no special abilities


You were on level 3 of the Dungeon.
You were not hungry.

You visited 1 branch of the dungeon, and saw 3 of its levels.

You collected 104 gold pieces.

Inventory:

Missiles
 a - 3 arrows
 b - 38 stones
 i - 12 poisoned darts (quivered)
 j - a throwing net
Jewellery
 e - a cursed ring of attention (right tentacle)
 g - a cursed -3 ring of dexterity (left tentacle)
 k - a ring of ice (on tentacle)
 p - a ring of poison resistance (on tentacle)
Scrolls
 f - a scroll of fear
 l - 2 scrolls of identify
 n - 2 scrolls of amnesia
Potions
 d - a potion of lignification
 h - 2 potions of invisibility
 m - a potion of flight
Comestibles
 c - 6 rations
 o - 7 chunks of flesh


   Skills:
 * Level 1.8 Fighting
 + Level 0.9 Throwing
 * Level 2.8 Dodging
 + Level 0.7 Stealth
 * Level 3.8 Unarmed Combat
 + Level 2.5 Spellcasting
 + Level 2.5 Transmutations


You had 3 spell levels left.
You knew the following spells:

 Your Spells              Type           Power        Failure   Level  Hunger
a - Beastly Appendage     Tmut           ##....       7%          1    #......
b - Sticks to Snakes      Tmut           ##......     11%         2    ##.....
c - Spider Form           Tmut/Pois      #.........   34%         3    ###....

Your spell library contained the following spells:

 Spells                   Type           Power        Failure   Level  Hunger
 Ice Form                 Ice/Tmut       #.......     75%         4    #####..
 Blade Hands              Tmut           ##........   89%         5    ######.


Dungeon Overview and Level Annotations

Branches:
Dungeon (3/15)

Altars:
Ru
Sif Muna


Innate Abilities, Weirdness & Mutations

You cannot wear most types of armour.
You are very stealthy in the water. (Stealth+)
You are amphibious.
You can wear up to eight rings at the same time.
You can use your tentacles to constrict eight enemies at once.
Your skin changes colour to match your surroundings (Stealth+).
Your rubbery body absorbs attacks. (AC +1, EV +1)


Message History

You have reached level 5!
You feel clever.
Your transformation is almost over.
i - 12 poisoned darts (gained 1)
Things that are here:
a +0 trident; a +0 leather armour; an orc corpse You butcher the orc corpse.
o - 7 chunks of flesh (gained 4)
Things that are here:
a +0 trident; a +0 leather armour; an orc skeleton You start resting.
Your tentacle spike disappears.
You start resting.
Magic restored.
You start resting.
An orc wizard comes into view. It is wielding a +0 dagger.
The orc wizard shouts!
The orc wizard points at you and mumbles some strange words.
The puff of flame hits you! The fire burns you terribly!
You die...

#.#####.... #.##......
#.##.##.. ### #.##.##[#
.(o..###.##.##.#
........o......#
.##..##.#.#.##.# #..
#.#)#.##.# ..
#.#@#.##.# # #.
#.#..#.#.# .#.#.#.
#.#.#.##.##
.......##.#.#.#...####
.......รท.......[.....+
#....######)......####
##. ###)##.##
#####.##### #.........#


You could see an orc wizard.

Vanquished Creatures
  A worker ant (D:2)
  A gnoll (D:1)
  An adder (D:2)
  A worm (D:2)
  A leopard gecko (D:2)
  2 orcs (D:3)
  6 bats
  3 giant cockroaches (D:1)
  5 goblins
  8 hobgoblins
  3 jackals (D:1)
  A quokka (D:2)
  3 frilled lizards (D:2)
  5 kobolds
  5 rats
46 creatures vanquished.

Vanquished Creatures (collateral kills)
  Jessica (D:3)
  A kobold (D:1)
2 creatures vanquished.

Grand Total: 48 creatures vanquished

Notes
Turn   | Place    | Note
-------+----------+-------------------------------------------
     0 | D:1      | Chimkentus the Octopode Transmuter began the quest for the
                  | Orb.
     0 | D:1      | Reached XP level 1. HP: 13/13 MP: 3/3
   167 | D:1      | Reached XP level 2. HP: 6/18 MP: 3/5
   613 | D:1      | Learned a level 2 spell: Sticks to Snakes
  1059 | D:1      | Reached XP level 3. HP: 19/23 MP: 0/6
  1119 | D:1      | Learned a level 3 spell: Spider Form
  1710 | D:2      | Found a sacrificial altar of Ru.
  1969 | D:2      | Reached XP level 4. HP: 28/28 MP: 3/7
  2412 | D:2      | Found a deep blue altar of Sif Muna.
  2674 | D:3      | Noticed Jessica
  2689 | D:3      | Killed Jessica
  2777 | D:3      | Reached XP level 5. HP: 13/34 MP: 6/8
  2792 | D:3      | Killed from afar by an orc wizard

Levels and vault maps discovered:
D:1:      dpeg_arrival_yet_another_circle, layout_rooms
D:2:      layout_basic, nicolae_ru_path_of_blood, lemuel_blue_sif_altar,
          first_ration
D:3:      layout_loops_corners, minmay_circle_x, uniq_sigmund, uniq_natasha,
          uniq_robin, uniq_jessica

Action                   |  1- 3 |  4- 6 || total
-------------------------+-------+-------++-------
Melee: Unarmed           |    70 |    20 ||    90
       Kick              |    17 |     4 ||    21
       Tentacles         |    10 |     1 ||    11
       Constrict         |    18 |     5 ||    23
       Punch             |     1 |       ||     1
Throw: Stone             |    11 |       ||    11
       Dart              |    26 |    12 ||    38
 Cast: Beastly Appendage |    19 |     6 ||    25
       Sticks to Snakes  |     6 |     3 ||     9
  Use: Potion            |     1 |       ||     1
       Scroll            |     1 |     7 ||     8
 Stab: Sleeping          |     2 |       ||     2
  Eat: Chunk             |     4 |       ||     4
       Ration            |       |     1 ||     1
Armor: Skin              |     4 |     6 ||    10
Dodge: Dodged            |    56 |    12 ||    68

Table legend:
 A = Non-vault XP
 B = Vault XP
 C = Vault XP percentage of total XP
 D = Non-vault monster count
 E = Vault monster count
 F = Vault count percentage of total count
                 A         B        C        D         E       F
            +---------+---------+-------+---------+---------+-------
      Total |     136 |      29 |  17.6 |      47 |       1 |   2.1
            +---------+---------+-------+---------+---------+-------
        D:1 |      51 |       0 |   0.0 |      24 |       0 |   0.0
        D:2 |      75 |       0 |   0.0 |      18 |       0 |   0.0
        D:3 |      10 |      29 |  74.4 |       5 |       1 |  16.7
            +---------+---------+-------+---------+---------+-------
